 Dungeon Crawl Stone Soup version 0.21.0-36-ge3e1d5aaab (webtiles) character file.

268 Fascinator the Grave Robber (level 6, -7/41 HPs)
             Began as a Mummy Necromancer on Jan 29, 2018.
             Was an Initiate of Yredelemnul.
             Killed from afar by GuyWithAPlan's ghost (11 damage)
             ... with an orb of energy
             ... on level 3 of the Dungeon.
             The game lasted 00:26:25 (4609 turns).

Fascinator the Grave Robber (Mummy Necromancer)     Turns: 4609, Time: 00:26:26

Health: -7/41      AC:  3    Str: 12    XL:     6   Next: 1%
Magic:  3/12       EV: 12    Int: 16    God:    Yredelemnul [......]
Gold:   139        SH:  0    Dex: 12    Spells: 7/13 levels left

rFire    x . .     SeeInvis .   c - +0 spear (curse)
rCold    + . .     Gourm    .   (no shield)
rNeg     + + +     Faith    .   f - +0 leather armour
rPois    ∞         Spirit   .   (no helmet)
rElec    .         Reflect  .   (no cloak)
rCorr    .         Harm     .   (no gloves)
MR       .....                  (no boots)
Stlth    ++........             (no amulet)
HPRegen  0.13/turn              (no ring)
MPRegen  0.13/turn              (no ring)

@: no status effects
A: no food or potions, fire vulnerability, cold resistance 1, negative energy
resistance 3, torment resistance, unbreathing
a: Renounce Religion


You were on level 3 of the Dungeon.
You worshipped Yredelemnul.
Yredelemnul was noncommittal.
You were not hungry.

You visited 1 branch of the dungeon, and saw 3 of its levels.

You collected 139 gold pieces.

Inventory:

Hand Weapons
 c - a cursed +0 spear (weapon)
 g - a +1 short sword of speed
 k - a cursed -3 trident
Armour
 a - a +0 robe
 f - a +0 leather armour (worn)
Jewellery
 h - an uncursed amulet of faith {unknown}
 i - a cursed ring of teleportation {unknown}
Scrolls
 d - a scroll of enchant weapon {unknown}
 e - 2 scrolls of identify {unknown}
 j - a scroll of enchant armour {unknown}
 l - a scroll of blinking {unknown}
 m - a scroll of fog {unknown}
Books
 b - a book of Necromancy

   Spells                             Type                      Level
   a - Pain                           Necromancy                   1
   b - Animate Skeleton               Necromancy                   1
   c - Vampiric Draining              Necromancy                   3
   d - Regeneration                   Charms/Necromancy            3
   e - Animate Dead                   Necromancy                   4
   f - Borgnjor's Vile Clutch         Necromancy/Earth             5


   Skills:
 + Level 2.6 Dodging
 + Level 2.8 Stealth
 + Level 4.4 Spellcasting
 * Level 5.4 Necromancy


You had 7 spell levels left.
You knew the following spells:

 Your Spells              Type           Power        Failure   Level  Hunger
a - Pain                  Necr           ###.         2%          1    N/A
b - Animate Skeleton      Necr           N/A          2%          1    N/A
c - Animate Dead          Necr           N/A          22%         4    N/A

Dungeon Overview and Level Annotations

Branches:
Dungeon (3/15)

Altars:
Yredelemnul

Annotations:
D:2 Sigmund
D:3 Grinder; GuyWithAPlan's ghost, amateur TeCj


Innate Abilities, Weirdness & Mutations

You do not eat or drink.
Your flesh is vulnerable to fire.
You are immune to poison.
Your flesh is cold resistant. (rC+)
You are immune to negative energy. (rN+++)
You are immune to unholy pain and torment.
You can survive without breathing.


Message History

Your adder zombie closely misses GuyWithAPlan's ghost.
Your adder zombie bites GuyWithAPlan's ghost but does no damage.
GuyWithAPlan's ghost points at you and mumbles some strange words.
The orb of energy hits you!
Ouch! That really hurt!
* * * LOW HITPOINT WARNING * * *
The orb of energy explodes!
The mystic blast hits the quokka.
The quokka dies!
Your adder zombie closely misses GuyWithAPlan's ghost.
You see here a stone.
Your adder zombie misses GuyWithAPlan's ghost.
GuyWithAPlan's ghost points at you and mumbles some strange words.
The magic dart hits you!
* * * LOW HITPOINT WARNING * * *
Your adder zombie completely misses GuyWithAPlan's ghost.
Your adder zombie barely misses GuyWithAPlan's ghost.
GuyWithAPlan's ghost points at you and mumbles some strange words.
The orb of energy hits you!
You die...
Yredelemnul claims you as an undead slave.

....P.P..#....#.###.........
........###...#.# #(########
..#########...#.###.###########
..# ##.....!.#...............#
..# #........#..Z.....######.#
..####........#..W.....# #.#
#.............#........# #.#
#........###..#........######.#
#........# ##...@......##.....#
#........# ##...(......##.#####
#........# #...>.#......#.#
#.......## ##..####.....#.#
#.......# #....# #.....'.#
#########


♣PPPP♣ #....>### ♣♣PP.♣ #.....# ♣♣.♣♣ #....## ♣♣. ###### You could see
GuyWithAPlan's ghost and a friendly adder zombie.

Vanquished Creatures
  3 orc wizards
  Terence (D:3)
  4 gnolls
  5 adders
  4 dart slugs
  A leopard gecko (D:3)
  2 orcs
  A giant cockroach (D:2)
  9 goblins
  2 hobgoblins (D:1)
  11 jackals
  7 kobolds
  A ball python (D:2)
  7 bats
  4 frilled lizards
  6 rats
68 creatures vanquished.

Vanquished Creatures (collateral kills)
  A giant cockroach (D:3)
  A rat (D:3)
2 creatures vanquished.

Vanquished Creatures (others)
  A quokka (D:3)
1 creature vanquished.

Grand Total: 71 creatures vanquished

Notes
Turn   | Place    | Note
-------+----------+-------------------------------------------
     0 | D:1      | Fascinator the Mummy Necromancer began the quest for the Orb.
     0 | D:1      | Reached XP level 1. HP: 13/13 MP: 4/4
   233 | D:1      | Reached XP level 2. HP: 13/19 MP: 0/6
   762 | D:1      | Learned a level 1 spell: Animate Skeleton
   830 | D:1      | Reached XP level 3. HP: 23/24 MP: 1/7
  1491 | D:2      | Reached XP level 4. HP: 30/30 MP: 4/9
  1930 | D:2      | Noticed Sigmund
  2475 | D:3      | Noticed Terence
  2486 | D:3      | Killed Terence
  2542 | D:3      | Noticed Grinder
  2692 | D:2      | Learned a level 4 spell: Animate Dead
  2704 | D:2      | HP: 1/30 [gnoll/spear (5)]
  2706 | D:2      | Reached XP level 5. HP: 1/35 MP: 4/11
  3022 | D:2      | Reached skill level 5 in Necromancy
  4370 | D:3      | Found a basalt altar of Yredelemnul.
  4379 | D:3      | Became a worshipper of Yredelemnul the Dark
  4431 | D:3      | Reached XP level 6. HP: 36/41 MP: 8/12
  4593 | D:3      | Noticed GuyWithAPlan's ghost (amateur TeCj)
  4609 | D:3      | Killed from afar by GuyWithAPlan's ghost

Skill      XL: |  1  2  3  4  5 |
---------------+----------------+-----
Spellcasting   | 3 4 |  4.4
Stealth        | 2 |  2.8
Dodging        | 2 |  2.6
Necromancy     | 5 |  5.4

Action                   |  1- 3 |  4- 6 || total
-------------------------+-------+-------++-------
Melee: Club              |     7 |       ||     7
       Unarmed           |     1 |       ||     1
       Short sword       |    11 |       ||    11
       Spear             |    17 |    63 ||    80
 Cast: Pain              |    67 |    86 ||   153
       Animate Dead      |       |    16 ||    16
Armor: Robe              |     4 |       ||     4
       Leather armour    |    11 |    25 ||    36
Dodge: Dodged            |    45 |    77 ||   122
